 Dungeon Crawl Stone Soup version 0.18-a0-1643-gb89d9db (webtiles) character file.

28 HeWhoDoesNotSavescum the Insei (level 2, 0/24 HPs)
             Began as a Mummy Monk on Mar 28, 2016.
             Hit by a goblin thrown by Robin (3 damage)
             ... on level 2 of the Dungeon.
             The game lasted 00:01:08 (831 turns).

HeWhoDoesNotSavescum the Insei (Mummy Monk)          Turns: 831, Time: 00:01:08

Health: 0/24       AC:  0    Str: 14    XL:     2   Next: 96%
Magic:  2/2        EV: 12    Int:  9    God:
Gold:   69         SH:  3    Dex: 14    Spells: 0 memorised, 1 level left

rFire  x . .     SeeInvis .       - Unarmed
rCold  + . .     Gourm    .     (no armour)
rNeg   + + +     Faith    .     d - +0 buckler
rPois  ∞         Spirit   .     (no helmet)
rElec  .         Dismiss  .     (no cloak)
rCorr  .         Reflect  .     (no gloves)
SustAt .         Harm     .     (no boots)
MR     .....                    (no amulet)
Stlth  ++........               (no ring)
                                (no ring)

@: not resistant to hostile enchantments, unstealthy
A: no food or potions, fire vulnerability, cold resistance 1, negative energy
resistance 3, torment resistance, unbreathing
a: no special abilities


You were on level 2 of the Dungeon.
You were not hungry.

You visited 1 branch of the dungeon, and saw 2 of its levels.

You collected 69 gold pieces.


Innate Abilities, Weirdness & Mutations

You do not eat or drink.
Your flesh is vulnerable to fire.
You are immune to poison.
Your flesh is cold resistant.
You are immune to negative energy.
You are immune to unholy pain and torment.
You can survive without breathing.


   Skills:
 - Level 3.0 Fighting
 - Level 2.4 Dodging
 - Level 1.5 Stealth
 + Level 0.5 Shields
 - Level 4.0 Unarmed Combat


You had one spell level left.
You didn't know any spells.

Inventory:

Armour
 d - a +0 buckler (worn)
Jewellery
 e - an uncursed ring of positive energy {unknown}
Scrolls
 a - 2 scrolls of blinking {unknown}
 b - 4 scrolls of identify {unknown}
 c - a scroll of remove curse {unknown}
 f - a scroll of random uselessness {unknown}

Dungeon Overview and Level Annotations

Branches:
Dungeon (2/15)

Altars:
Nemelex Xobeh
Yredelemnul

Annotations:
D:2 Robin

...................g.
..................g.g
...........g...g....▒
..........g.▒..▒▒▒▒.▒
...........g▒....▒
.....▒..▒▒......▒ ....
▒▒.!.....▒..... ...
▒.......▒▒▒.▒▒ ▒+▒▒▒▒
▒▒..gM..▒ .▒ .....▒
▒.g▒▒▒.▒ .....▒▒▒▒
▒▒.▒ ▒)▒ ........▒
▒.▒▒▒.▒▒ ........▒
▒..▒...▒ ..).)...▒
▒▒.▒...▒ .....▒▒▒▒
▒.▒g..▒ .....▒ ▒.▒...▒
..▒▒▒▒▒▒▒▒▒▒▒▒▒.....▒▒


You could see Robin, a hobgoblin and 4 goblins.


Message History

You pulverise the hobgoblin!
The hobgoblin is moderately wounded!
The hobgoblin misses you!
You closely miss the hobgoblin!
The hobgoblin is moderately wounded!
You block the hobgoblin's attack!
You beat the hobgoblin into a bloody pulp!
You annihilate the hobgoblin!!!
You barely miss the goblin! The goblin closely misses you!
You squash the goblin like an ant!
The goblin is severely wounded!
The goblin hits you with a club! * * * don't die
* * * You barely miss the goblin!
The goblin is severely wounded!
The goblin hits you with a club! * * * don't die
* * * You closely miss the goblin!
The goblin is severely wounded!
The goblin hits you with a club! * * * don't die
* * * You squash the goblin like an ant!
You annihilate the goblin!!!
A goblin comes into view!
A goblin and a hobgoblin come into view!
Robin of the Strong Arm comes into view!
She is wielding a club!
The hobgoblin shouts!!!
The goblin shouts!!!
A goblin comes into view! It is wielding a dagger!
The goblin moves out of view!
Robin throws the goblin at you!!! rip

Action                   || total
-------------------------++-------
Melee: Unarmed           ||    84
 Stab: Sleeping          ||     1

Vault maps used:
D:1:      scummos_arrival_simple_crosswalls, nemelex_deck
D:2:      minmay_door_path, lemuel_round_altar, minmay_misc_feat_cross,
          kennysheep_generic_room_8, uniq_crazy_yiuf_cottage, uniq_robin

Notes
Turn   | Place    | Note
--------------------------------------------------------------
     0 | D:1      | HeWhoDoesNotSavescum the Mummy Monk began the quest for the Orb.
     0 | D:1      | Reached XP level 1. HP: 18/18 MP: 1/1
   179 | D:1      | Found a sparkling altar of Nemelex Xobeh.
   320 | D:1      | Reached XP level 2. HP: 24/24 MP: 2/2
   716 | D:2      | Found a basalt altar of Yredelemnul.
   725 | D:2      | Reached skill level 4 in Unarmed Combat
   816 | D:2      | HP: 2/24 [goblin/club[Robin] (4)]
   830 | D:2      | Noticed Robin
   831 | D:2      | Hit by a goblin thrown by Robin

Vanquished Creatures
  A dart slug (D:2)
  2 bats (D:1)
  A giant cockroach (D:1)
  8 hobgoblins
  3 goblins
  4 kobolds (D:1)
  3 rats (D:1)
22 creatures vanquished.
